 Dungeon Crawl Stone Soup version 0.27.1 (webtiles) character file.

Game seed: 674355734499353310

209488 Malachi the Impaler (level 18, -7/219 HPs)
             Began as a Demonspawn Berserker on Aug 24, 2021.
             Was the Champion of Trog.
             Hit by a silver javelin thrown by a merfolk javelineer (12 damage)
             ... on level 2 of the Shoals.
             The game lasted 01:02:40 (39502 turns).

Malachi the Impaler (Demonspawn Berserker)         Turns: 39502, Time: 01:02:41

Health: -7/219     AC: 29    Str: 27    XL:     18   Next: 15%
Magic:  0/27       EV: 12    Int: 15    God:    Trog [******]
Gold:   1384       SH:  8    Dex: 13    Spells: 17/17 levels left

rFire    . . .     SeeInvis .   Q - +7 demon trident (vorpal)
rCold    + + .     Faith    .   l - +3 buckler {AC+3}
rNeg     . . .     Spirit   +   P - +1 chain mail {rPois}
rPois    +         Reflect  .   D - +0 helmet
rElec    .         Harm     .   z - +0 cloak "Roakaxt" {Will++ Str-4 Int+4}
rCorr    .         Rampage  .   R - +2 pair of gloves
Will     +++++                  (boots unavailable)
Stlth    ..........             c - amulet of Gyxzeotidi {Spirit Fly}
HPRegen  5.46/turn              U - ring "Yvousurph" {rC+ Str+6 Slay+4}
MPRegen  0.20/turn              d - ring "Taghour" {MP+9 Slay+5 Stlth+}

@: berserking, strong-willed, unable to read, attractive, flying, regenerating,
very quick
A: hooves 3, icy blue scales 3, ignite blood 3, powered by death 2, clever 1,
passive freeze, regeneration 1, wild magic 1, evolution 1, no potion heal 1,
inability to read while threatened, MP-powered wands
}: 1/15 runes: serpentine
a: Renounce Religion, Berserk, Trog's Hand, Brothers in Arms


You were on level 2 of the Shoals.
You worshipped Trog.
Trog was exalted by your worship.
You visited 5 branches of the dungeon, and saw 29 of its levels.
You also visited: Trove and Volcano.

You collected 2950 gold pieces.
You spent 1566 gold pieces at shops.

Inventory:

Hand Weapons
 a - a +4 spear of freezing
 x - a +0 arbalest of flaming
 I - a +3 demon trident
 Q - a +7 vorpal demon trident (weapon)
Missiles
 y - 263 bolts
 E - 8 throwing nets (quivered)
Armour
 l - a +3 buckler of protection (worn)
 q - a +2 scale mail of fire resistance
 z - the +0 cloak "Roakaxt" (worn) {Will++ Str-4 Int+4}
   (You bought it in a shop on level 1 of the Snake Pit)

   Str:       It affects your strength (-4).
   Int:       It affects your intelligence (+4).
   Will:      It greatly increases your willpower.
 D - a +0 helmet (worn)
 P - a +1 chain mail of poison resistance (worn)
 R - a +2 pair of gloves (worn)
Jewellery
 c - the amulet of Gyxzeotidi (around neck) {Spirit Fly}
   (You found it in a treasure trove)

   [amulet of guardian spirit]

   It causes incoming damage to be divided between your reserves of health and
   magic.
   Fly:       It grants you flight.
 d - the ring "Taghour" (right hand) {MP+9 Slay+5 Stlth+}
   (You found it in a treasure trove)

   [ring of magical power]

   Slay:      It affects your accuracy & damage with ranged weapons and melee
   (+5).
   MP:        It affects your magic capacity (+9).
   Stlth:     It makes you more stealthy.
 i - the ring "Sixics" {EV+4 Int+3}
   (You found it in a treasure trove)

   [ring of evasion]

   EV:        It affects your evasion (+4).
   Int:       It affects your intelligence (+3).
 k - the ring of the Suburbs {Wiz rF- Str-3 Int+6 Stlth+}
   (You found it in a treasure trove)

   [ring of wizardry]

   It improves your spell success rate.
   Str:       It affects your strength (-3).
   Int:       It affects your intelligence (+6).
   rF:        It makes you vulnerable to fire.
   Stlth:     It makes you more stealthy.
 o - a ring of willpower
 w - the ring of Mistrust {rC++ AC+4 Str-2}
   (You found it in a treasure trove)

   [ring of protection]

   AC:        It affects your AC (+4).
   Str:       It affects your strength (-2).
   rC:        It greatly protects you from cold.
 J - the ring "Jeshaf" {rF+ rC+ rN+ Int-3}
   (You found it in a treasure trove)

   [ring of positive energy]

   Int:       It affects your intelligence (-3).
   rF:        It protects you from fire.
   rC:        It protects you from cold.
   rN:        It protects you from negative energy.
 L - a ring of resist corrosion
 T - the amulet of Igeleq {Spirit Dex+4 Slay+3}
   (You acquired it on level 1 of the Snake Pit)

   [amulet of guardian spirit]

   It causes incoming damage to be divided between your reserves of health and
   magic.
   Dex:       It affects your dexterity (+4).
   Slay:      It affects your accuracy & damage with ranged weapons and melee
   (+3).
 U - the ring "Yvousurph" (left hand) {rC+ Str+6 Slay+4}
   (You found it on level 2 of the Snake Pit)

   [ring of strength]

   Str:       It affects your strength (+6).
   Slay:      It affects your accuracy & damage with ranged weapons and melee
   (+4).
   rC:        It protects you from cold.
 W - the ring "Efrao" {Fly rPois rN+ Int+4 Dex-2}
   (You found it in a treasure trove)

   [ring of flight]

   Int:       It affects your intelligence (+4).
   Dex:       It affects your dexterity (-2).
   rPois:     It protects you from poison.
   rN:        It protects you from negative energy.
   Fly:       It grants you flight.
 X - a ring of willpower
Wands
 e - a wand of mindburst (14)
 j - a wand of digging (20)
 n - a wand of paralysis (27)
 t - a wand of iceblast (70)
 u - a wand of flame (77)
 N - a wand of acid (8)
Scrolls
 h - 10 scrolls of teleportation
 v - 7 scrolls of identify
 B - a scroll of silence
 C - 2 scrolls of blinking
 H - a scroll of magic mapping
 K - 4 scrolls of fear
 O - 2 scrolls of summoning
Potions
 b - 5 potions of curing
 f - a potion of attraction
 g - 9 potions of ambrosia
 m - a potion of cancellation
 s - a potion of lignification
 F - a potion of might
 M - 2 potions of heal wounds
 S - a potion of magic
Miscellaneous
 A - a condenser vane (inert)


   Skills:
 + Level 14.0 Fighting
 + Level 20.2 Polearms
 + Level 1.1 Throwing
 + Level 16.7 Armour
 + Level 8.0 Dodging
 - Level 3.5 Stealth
 - Level 4.0 Shields
 + Level 0.7 Evocations


You had 17 spell levels left.
You didn't know any spells.
Your spell library contained the following spells:

 Spells                   Type           Power      Damage    Failure   Level
 Ozocubu's Armour         Ice            0%         N/A       97%         3
 Metabolic Englaciation   Hex/Ice        0%         N/A       100%        5
 Simulacrum               Ice/Necr       0%         N/A       100%        6


Dungeon Overview and Level Annotations

Branches:
Dungeon (15/15)            Temple (0/1) D:5            Lair (6/6) D:9
 Shoals (2/4) Lair:4        Snake (4/4) Lair:3        Slime (0/5) Lair:6
    Orc (2/2) D:9             Elf (0/3) Orc:2        Vaults (0/5) D:13
 Depths (0/5) D:15        Volcano (visited)

Altars:
Makhleb
Beogh

Shops:
D:14 !   Orc:2 *:[(*   Snake:1 [[[[   Snake:3 =::


Innate Abilities, Weirdness & Mutations

You have hooves in place of feet.
You are completely covered in icy blue scales. (AC +4, rC+)
Your demonic aura causes all spilled blood to erupt in flames.
You regenerate health from kills.
Your mind is acute. (Int +2)
A frigid envelope surrounds you and freezes all who hurt you.
Your natural rate of healing is unusually fast.
Your spells are a little harder to cast, but a little more powerful.
You evolve.
Potions are less effective at restoring your health.
You sometimes lose the ability to read scrolls when taking damage.
You expend magic power (3 MP) to strengthen your wands.


Message History

Unknown command.
You miss the merfolk impaler.
The merfolk impaler is moderately wounded.
The merfolk impaler closely misses you.
The merfolk impaler hits you but does no damage.
You skewer the merfolk impaler like a kebab!!!
Your kick misses the merfolk impaler.
The merfolk impaler is almost dead.
The merfolk impaler is engulfed in blazing flames.
The merfolk impaler hits you but does no damage.
The merfolk impaler is very cold.
The merfolk impaler is almost dead.
You impale the merfolk impaler!!
You kill the merfolk impaler!
Trog accepts your kill. You block the merfolk impaler's attack.
Your deep troll is engulfed in blazing flames.
The merfolk javelineer hits you but does no damage.
The merfolk impaler is pulled toward you!
You closely miss the merfolk impaler. Your kick misses the merfolk impaler.
The merfolk impaler is almost dead.
The merfolk impaler is engulfed in blazing flames.
The merfolk impaler hits you but does no damage.
Space warps horribly around you!!
* * * LOW HITPOINT WARNING * * *
The merfolk impaler is very cold.
The merfolk impaler is severely wounded.
You closely miss the merfolk impaler.
The merfolk impaler is almost dead.
The merfolk impaler is engulfed in blazing flames.
The merfolk impaler hits you but does no damage.
Unknown command.
You impale the merfolk impaler!!
You kill the merfolk impaler!
Trog accepts your kill.
The merfolk javelineer throws a silver javelin.
The silver javelin pierces through you!
* * * LOW HITPOINT WARNING * * *
The silver sears you!
You die...

≈≈≈... ... ≈≈≈... ..
≈≈≈≈..###.. ≈≈≈≈......
≈≈≈≈≈≈...#
≈≈≈≈≈≈...##. ...P..
≈≈≈≈≈...##.. .≈...P
≈≈≈≈...@#... ...P.≈
≈≈≈≈..§m○m..###.....≈.
≈≈≈≈..≈§.mm....≈P..≈..
≈≈≈≈≈..C.≈≈T......≈≈..
≈≈≈≈≈≈...≈≈......≈....
≈≈≈≈....≈≈≈..○..≈≈....
.≈≈≈≈≈≈.≈.......≈≈....
≈≈≈≈≈≈.≈≈.≈≈...≈≈≈≈≈≈≈
≈≈≈≈.≈≈≈...#≈≈#####


You could see 2 merfolk impalers, 2 merfolk javelineers, a friendly stone giant
(summoned, berserk) and a friendly deep troll (summoned, berserk).

Vanquished Creatures
  Asterion (Snake:3)
  A kraken (Shoals:1)
  Agnes (Snake:3)
  7 nagarajas
  Ilsuiw (Shoals:2)
  An orc warlord (Orc:2)
  A stone giant (Volcano)
  Azrael (D:15)
  3 merfolk impalers (Shoals:2)
  A merfolk javelineer (Shoals:2)
  Josephine (Shoals:1)
  The ghost of Purph the Cleaver, a journeyman MiBe of Trog (Lair:1)
  14 hydras
  13 naga warriors
  7 boulder beetles
  An ice dragon (Lair:6)
  2 vault guards (D:13)
  7 anacondas
  3 merfolk avatars
  2 salamander tyrants (Snake:4)
  A two-headed ogre (D:10)
  5 centaur warriors
  3 tengu warriors (D:14)
  11 naga sharpshooters
  Urug (D:12)
  Nergalle (Orc:2)
  Sonja (Lair:4)
  9 shock serpents
  An orc high priest (Orc:2)
  5 skeletal warriors (D:14)
  3 salamander mystics
  2 swamp dragons (Lair:2)
  3 sea snakes
  3 naga ritualists (Snake:3)
  3 wizards
  A deep elf archer (D:14)
  The ghost of Rrauwl the Blocker, a novice GrFi of Qazlal (D:9)
  Pikel (D:4)
  3 lindwurms
  11 mana vipers
  4 necromancers
  2 ugly things (D:13)
  A wolf spider zombie (D:15)
  2 deep elf pyromancers
  2 orc sorcerers (D:15)
  3 orc knights (Orc:2)
  10 manticores
  5 oklob plants
  An elephant (shapeshifter) (D:15)
  7 salamanders
  8 fauns
  8 cyclopes
  19 elephants
  5 guardian serpents
  3 merfolk sirens
  30 black mambas
  3 water nymphs
  17 naga magi
  3 gargoyles
  7 torpor snails
  12 rime drakes
  13 komodo dragons
  9 cane toads
  2 efreet
  A tengu conjurer (D:14)
  A yaktaur (D:15)
  A queen bee (Lair:5)
  12 merfolk
  3 trolls
  10 polar bears
  22 blink frogs
  3 tyrant leeches (Lair:6)
  5 slime creatures (D:14)
  5 raiju (Lair:6)
  3 wind drakes
  3 meliai (Lair:5)
  9 hornets
  5 dream sheep (Lair:5)
  Grinder (D:3)
  7 snapping turtles
  A centaur simulacrum (D:14)
  Sigmund (D:3)
  A shadow (D:10)
  6 wraiths
  70 yaks
  4 wyverns
  19 humans (D:13)
  4 fire bats (Volcano)
  2 steam dragons
  13 basilisks
  6 fire elementals
  13 vampire mosquitoes
  5 wargs
  Edmund (D:4)
  63 nagas
  16 hell hounds
  15 water moccasins
  Duvessa (D:4)
  12 black bears
  18 orc warriors
  A meliai simulacrum (D:15)
  An ice beast (D:7)
  A sky beast (D:6)
  3 necrophages
  5 ogres
  18 centaurs
  35 wolves
  3 kobold brigands
  A gnoll sergeant (D:9)
  6 bullfrogs
  2 scorpions
  An earth elemental (Volcano)
  A wyvern skeleton (D:6)
  Dowan (D:4)
  3 water moccasin skeletons
  40 killer bees
  3 wights (D:8)
  2 howler monkeys
  5 electric eels
  4 centaur zombies
  5 lava snakes (Volcano)
  2 hounds (D:9)
  12 orc priests
  A gnoll shaman (Orc:2)
  2 jellies (D:3)
  3 centaur skeletons
  Jessica (D:3)
  Natasha (thrice) (D:3)
  11 hell rats
  18 orc wizards
  4 wolf simulacra (D:15)
  3 yak simulacra (D:15)
  A killer bee zombie (D:8)
  3 howler monkey zombies
  11 gnolls
  6 adders
  A shadow imp (D:5)
  A white imp (D:5)
  2 worms
  2 dart slugs (D:1)
  47 orcs
  16 endoplasms
  A giant cockroach (D:4)
  6 goblins
  10 hobgoblins
  7 jackals
  27 kobolds
  7 quokkas
  7 ball pythons
  13 bats
  3 frilled lizards
  7 rats
  A river rat simulacrum (D:15)
  A plant (Lair:6)
  2 tentacles (Shoals:1)
1059 creatures vanquished.

Vanquished Creatures (collateral kills)
  A hydra (D:12)
  An orc sorcerer (Orc:2)
  3 oklob plants
  An orc priest (Orc:2)
6 creatures vanquished.

Vanquished Creatures (others)
  A yak simulacrum (D:15)
  A wolf simulacrum (D:15)
  An orc (D:9)
  49 fungi
  95 plants
  2 tentacles (Shoals:1)
  10 toadstools (D:3)
159 creatures vanquished.

Grand Total: 1224 creatures vanquished

Notes
Turn   | Place    | Note
-------+----------+-------------------------------------------
     0 | D:1      | Malachi the Demonspawn Berserker began the quest for the
                  | Orb.
     0 | D:1      | Reached XP level 1. HP: 18/18 MP: 1/1
   360 | D:1      | Gained mutation: Your demonic aura sometimes causes spilled
                  | blood to erupt in flames. [demonic ancestry]
   360 | D:1      | Reached XP level 2. HP: 18/24 MP: 2/2
   476 | D:1      | Reached skill level 3 in Polearms
   920 | D:1      | Reached XP level 3. HP: 27/29 MP: 3/3
  1038 | D:1      | Reached ** piety under Trog
  1445 | D:1      | Found a faded altar of an unknown god.
  2550 | D:2      | Reached XP level 4. HP: 35/35 MP: 4/4
  2574 | D:2      | Reached skill level 1 in Stealth
  3704 | D:3      | Noticed Jessica
  3704 | D:3      | Noticed Grinder
  3711 | D:3      | Killed Jessica
  3717 | D:3      | Killed Grinder
  3718 | D:3      | Reached skill level 4 in Polearms
  3718 | D:3      | Gained mutation: You have large cloven feet. [demonic
                  | ancestry]
  3718 | D:3      | Reached XP level 5. HP: 42/42 MP: 5/5
  3718 | D:3      | Gained mutation: You regenerate a little health from kills.
                  | [demonic ancestry]
  3718 | D:3      | Reached XP level 6. HP: 48/48 MP: 6/6
  3852 | D:3      | Noticed Natasha
  3858 | D:3      | Killed Natasha
  3917 | D:3      | Noticed Natasha
  3933 | D:3      | Killed Natasha
  4192 | D:3      | Reached *** piety under Trog
  4349 | D:3      | Noticed a water moccasin
  4360 | D:3      | Killed a water moccasin
  4361 | D:3      | Reached skill level 5 in Polearms
  4361 | D:3      | Gained mutation: You are partially covered in icy blue
                  | scales. (AC +2) [demonic ancestry]
  4361 | D:3      | Reached XP level 7. HP: 49/55 MP: 7/7
  4715 | D:3      | Noticed Sigmund
  4724 | D:3      | Killed Sigmund
  4792 | D:3      | Noticed Natasha
  4795 | D:3      | Killed Natasha
  4896 | D:4      | Noticed Pikel
  4909 | D:4      | Killed Pikel
  4910 | D:4      | Reached skill level 5 in Fighting
  4910 | D:4      | Reached skill level 6 in Polearms
  4910 | D:4      | Gained mutation: Your demonic aura often causes spilled
                  | blood to erupt in flames. [demonic ancestry]
  4910 | D:4      | Reached XP level 8. HP: 15/62 MP: 8/8
  5180 | D:4      | Noticed Dowan
  5195 | D:4      | Killed Dowan
  5198 | D:4      | Noticed Duvessa
  5211 | D:4      | Killed Duvessa
  5982 | D:4      | Noticed Edmund
  5990 | D:4      | Killed Edmund
  5991 | D:4      | Reached skill level 7 in Polearms
  6302 | D:5      | Entered Level 5 of the Dungeon
  6349 | D:5      | Reached skill level 5 in Armour
  6527 | D:5      | Reached **** piety under Trog
  6561 | D:5      | Gained mutation: You have hoof-like feet. [demonic
                  | ancestry]
  6561 | D:5      | Reached XP level 9. HP: 68/68 MP: 9/9
  6871 | D:5      | Found a staircase to the Ecumenical Temple.
  8091 | D:6      | Reached skill level 8 in Polearms
 10715 | D:8      | Found a burning altar of Makhleb.
 11179 | D:9      | Found a staircase to the Lair.
 11179 | D:9      | Noticed a troll
 11620 | D:9      | Reached ***** piety under Trog
 11628 | D:9      | Gained mutation: You are mostly covered in icy blue scales.
                  | (AC +3) [demonic ancestry]
 11628 | D:9      | Reached XP level 10. HP: 77/77 MP: 10/10
 11668 | D:9      | Found a large runed translucent door.
 11694 | D:9      | Reached skill level 9 in Polearms
 11733 | D:9      | Found a large runed translucent door.
 11802 | Lair:1   | Entered Level 1 of the Lair of Beasts
 12125 | D:9      | Reached skill level 5 in Dodging
 12185 | D:9      | Noticed Rrauwl's ghost (novice GrFi)
 12203 | D:9      | Noticed a cyclops
 12207 | D:9      | Killed a cyclops
 12399 | D:9      | Found a staircase to the Orcish Mines.
 12788 | D:9      | Killed Rrauwl's ghost
 13324 | D:10     | Entered Level 10 of the Dungeon
 13385 | D:10     | Reached skill level 10 in Polearms
 14094 | D:10     | Noticed a two-headed ogre
 14100 | D:10     | Killed a two-headed ogre
 14101 | D:10     | Gained mutation: You have hooves in place of feet. [demonic
                  | ancestry]
 14101 | D:10     | Reached XP level 11. HP: 85/85 MP: 11/11
 14976 | D:11     | Noticed a boulder beetle
 14992 | D:11     | Killed a boulder beetle
 15478 | D:11     | Reached skill level 11 in Polearms
 15498 | D:11     | Noticed a seven-headed hydra
 15505 | D:11     | Killed a seven-headed hydra
 16003 | D:12     | Noticed a five-headed hydra
 16009 | D:12     | Killed a five-headed hydra
 16122 | D:12     | Noticed a boulder beetle
 16146 | D:12     | Killed a boulder beetle
 16830 | D:12     | Noticed Urug
 16836 | D:12     | Paralysed by Urug for 4 turns
 16844 | D:12     | Killed Urug
 16845 | D:12     | Gained mutation: You are completely covered in icy blue
                  | scales. (AC +4, rC+) [demonic ancestry]
 16845 | D:12     | Reached XP level 12. HP: 47/94 MP: 12/12
 17325 | D:13     | Noticed a boulder beetle
 17333 | D:13     | Noticed a five-headed hydra
 17336 | D:13     | Killed a boulder beetle
 17406 | D:13     | Noticed a centaur warrior
 17406 | D:13     | Noticed a centaur warrior
 17411 | D:13     | Killed a centaur warrior
 17412 | D:13     | Reached skill level 12 in Polearms
 17412 | D:13     | Killed a centaur warrior
 17413 | D:13     | Reached skill level 10 in Armour
 17460 | D:13     | Killed a five-headed hydra
 17585 | D:13     | Noticed a vault guard
 17590 | D:13     | Received a gift from Trog
 17594 | D:13     | Killed a vault guard
 17632 | D:13     | Reached skill level 13 in Polearms
 17664 | D:13     | Noticed a vault guard
 17683 | D:13     | Killed a vault guard
 17996 | D:13     | Found a gate to the Vaults.
 18033 | D:13     | Noticed a centaur warrior
 18042 | D:13     | Killed a centaur warrior
 18043 | D:13     | Reached skill level 10 in Fighting
 18154 | D:13     | Found a portal to a secret trove of treasure.
 18248 | D:13     | Gained mutation: You are strong-willed. (Will+) [potion of
                  | mutation]
 18339 | D:13     | Reached XP level 13. HP: 103/103 MP: 13/13
 19333 | D:14     | Reached skill level 1 in Throwing
 20342 | D:14     | Reached skill level 14 in Polearms
 20430 | D:14     | Identified a scroll of acquirement
 20430 | D:14     | Acquired a manual of Armour
 20554 | D:14     | Found Deptik's Distillery.
 20632 | D:14     | HP: 4/104 [manticore/volley of spikes (20)]
 22009 | D:15     | Entered Level 15 of the Dungeon
 22143 | D:15     | Found a staircase to the Depths.
 22152 | D:15     | Reached ****** piety under Trog
 22762 | D:15     | Received a gift from Trog
 22995 | D:15     | Gained mutation: You regenerate health from kills. [demonic
                  | ancestry]
 22995 | D:15     | Reached XP level 14. HP: 82/113 MP: 14/14
 23150 | D:15     | Noticed Azrael
 23168 | D:15     | Killed Azrael
 23221 | D:15     | Lost mutation: You are strong-willed. (Will+) [potion of
                  | mutation]
 23221 | D:15     | Gained mutation: You evolve. [potion of mutation]
 23221 | D:15     | Gained mutation: You sometimes lose the ability to read
                  | scrolls when taking damage. [potion of mutation]
 23221 | D:15     | Gained mutation: You expend magic power (3 MP) to
                  | strengthen your wands. [potion of mutation]
 23570 | D:12     | Gained mutation: A frigid envelope surrounds you and
                  | freezes all who hurt you. [evolution]
 23763 | Lair:1   | Reached skill level 15 in Polearms
 24081 | Lair:1   | Noticed Purph's ghost (journeyman MiBe)
 24085 | Lair:1   | Found a transporter.
 24411 | Lair:1   | Found a transporter.
 24636 | Lair:1   | Reached skill level 1 in Shields
 24660 | Lair:1   | Killed Purph's ghost
 25901 | Lair:2   | Gained mutation: Your spells are a little harder to cast,
                  | but a little more powerful. [evolution]
 25983 | Lair:3   | Found a staircase to the Snake Pit.
 26164 | Lair:3   | Received a gift from Trog
 26421 | Lair:3   | Identified the +1 leather armour of the Hidden Vale {Dex+3
                  | SInv}
 27097 | Snake:1  | Entered Level 1 of the Snake Pit
 27567 | Lair:4   | Noticed Sonja
 27570 | Lair:4   | Killed Sonja
 27705 | Lair:4   | Found a staircase to the Shoals.
 27788 | Lair:4   | Reached skill level 16 in Polearms
 28243 | Lair:5   | Gained mutation: Your demonic aura causes all spilled blood
                  | to erupt in flames. [demonic ancestry]
 28243 | Lair:5   | Reached XP level 15. HP: 104/119 MP: 15/15
 28469 | Lair:5   | Found a dark tunnel.
 28585 | Volcano  | Entered a volcano
 28767 | Volcano  | Found a bloodstained altar of Trog.
 28810 | Volcano  | Found a burning altar of Makhleb.
 28994 | D:10     | Gained mutation: Your mind is acute. (Int +2) [evolution]
 29099 | D:13     | You paid a toll of 3 potions of resistance to enter a
                  | treasure trove
 29100 | Trove    | Entered a treasure trove
 29108 | Trove    | Identified the ring "Jeshaf" {rF+ rC+ rN+ Int-3}
 29116 | Trove    | Identified the ring "Efrao" {Fly rPois rN+ Int+4 Dex-2}
 29122 | Trove    | Identified the ring "Iwigear" {Dex+4 SInv}
 29129 | Trove    | Identified the amulet of Gyxzeotidi {Spirit Fly}
 29151 | Trove    | Identified the ring "Taghour" {MP+9 Slay+5 Stlth+}
 29153 | Trove    | Identified the ring "Sixics" {EV+4 Int+3}
 29156 | Trove    | Identified the ring of the Suburbs {Wiz rF- Str-3 Int+6
                  | Stlth+}
 29158 | Trove    | Identified the ring "Pehaorij" {Fire Str+4}
 29160 | Trove    | Identified the ring of Mistrust {rC++ AC+4 Str-2}
 29668 | Lair:5   | Received a gift from Trog
 29746 | Lair:5   | Reached skill level 17 in Polearms
 30080 | Lair:5   | Received a gift from Trog
 30435 | Lair:6   | Entered Level 6 of the Lair of Beasts
 30627 | Lair:6   | Reached skill level 15 in Armour
 30711 | Lair:6   | Gained mutation: Your natural rate of healing is unusually
                  | fast. [evolution]
 30851 | Lair:6   | Found a runed translucent door.
 30940 | Lair:6   | Received a gift from Trog
 30961 | Lair:6   | Paralysed by a hornet for 3 turns
 31000 | Lair:6   | Reached skill level 18 in Polearms
 31267 | Lair:6   | Reached XP level 16. HP: 125/125 MP: 16/16
 31540 | Lair:6   | Received a gift from Trog
 31586 | Lair:6   | Identified the +0 robe of Atheism {*Slow rPois SInv}
 31985 | Lair:6   | Found a staircase to the Slime Pits.
 32366 | Orc:1    | Entered Level 1 of the Orcish Mines
 32483 | Orc:2    | Entered Level 2 of the Orcish Mines
 32658 | Orc:2    | Found Ilipnee's Assorted Antiques.
 32666 | Orc:2    | Bought a potion of heal wounds for 125 gold pieces
 32666 | Orc:2    | Bought a scroll of teleportation for 75 gold pieces
 32694 | Orc:2    | Noticed Nergalle
 32715 | Orc:2    | Killed Nergalle
 32774 | Orc:2    | Received a gift from Trog
 32993 | Orc:2    | Found Qenk's Antique Weapon Emporium.
 33023 | Orc:2    | Found Daxzaguz's Book Emporium.
 33023 | Orc:2    | Gained mutation: Potions are less effective at restoring
                  | your health. [evolution]
 33044 | Orc:2    | Found Xauprege's General Store.
 33058 | Orc:2    | Bought a scroll of enchant armour for 90 gold pieces
 33070 | Orc:2    | Found Urgheekot's Antique Armour Emporium.
 33079 | Orc:2    | Bought a glowing cloak for 225 gold pieces
 33086 | Orc:2    | Bought a pair of glowing gloves for 225 gold pieces
 33126 | Orc:2    | Found a staircase to the Elven Halls.
 33665 | Snake:1  | Found Kaderonn's Antique Armour Boutique.
 33667 | Snake:1  | Found Ovaku's Armour Shop.
 33667 | Snake:1  | Found Osi Heosak's Armour Boutique.
 33672 | Snake:1  | Found Manor's Antique Armour Shop.
 33686 | Snake:1  | Bought a twisted cloak for 313 gold pieces
 33686 | Snake:1  | Identified the +0 cloak "Roakaxt" {Will++ Str-4 Int+4} (You
                  | bought it in a shop on level 1 of the Snake Pit)
 33716 | Snake:1  | Bought a translucent ring mail for 243 gold pieces
 33716 | Snake:1  | Identified the +0 ring mail of Usism {Stlth+} (You bought
                  | it in a shop on level 1 of the Snake Pit)
 33720 | Snake:1  | Bought a +1 chain mail of poison resistance for 270 gold
                  | pieces
 34050 | Snake:1  | Reached skill level 19 in Polearms
 34476 | Snake:1  | Acquired the amulet of Igeleq {Spirit Dex+4 Slay+3}
 34802 | Snake:2  | Identified the ring "Yvousurph" {rC+ Str+6 Slay+4}
 35184 | Snake:2  | Received a gift from Trog
 35521 | Snake:3  | Reached XP level 17. HP: 133/133 MP: 17/17
 35757 | Snake:3  | Noticed Agnes
 35762 | Snake:3  | Killed Agnes
 36213 | Snake:3  | Received a gift from Trog
 36252 | Snake:3  | Found Koffyruf's Book Emporium.
 36253 | Snake:3  | Found Raloecw's Jewellery Shop.
 36254 | Snake:3  | Found Wuplit's Book Emporium.
 36329 | Snake:3  | Noticed Asterion
 36336 | Snake:3  | Killed Asterion
 36688 | Snake:4  | Entered Level 4 of the Snake Pit
 37721 | Snake:4  | Got a serpentine rune of Zot
 37954 | Shoals:1 | Entered Level 1 of the Shoals
 37977 | Shoals:1 | Reached skill level 20 in Polearms
 38073 | Shoals:1 | Noticed Josephine
 38086 | Shoals:1 | Killed Josephine
 38415 | Shoals:1 | Noticed a kraken
 38426 | Shoals:1 | Killed a kraken
 38940 | Shoals:2 | Noticed Ilsuiw
 38955 | Shoals:2 | Reached XP level 18. HP: 121/145 MP: 18/18
 38976 | Shoals:2 | Received a gift from Trog
 39011 | Shoals:2 | Killed Ilsuiw
 39489 | Shoals:2 | HP: 4/146 [merfolk javelineer/silver javelin (7)]
 39502 | Shoals:2 | HP: 5/219 [merfolk javelineer/silver javelin (16)]
 39502 | Shoals:2 | Hit by a silver javelin thrown by a merfolk javelineer

Illustrated notes

Levels and vault maps discovered:
D:1:      erik_arrival_cave_to_civilisation [erik_arrival_cave_to_temple],
          layout_basic, ebering_ecumenical_altar_hall, minmay_quantized
D:2:      minmay_chambers_of_twos, layout_basic, kennysheep_boxes
D:3:      cheibrodos_fertilizer, layout_loops_corners, uniq_grinder,
          uniq_natasha, uniq_jessica, uniq_sigmund
D:4:      layout_loops_ring, uniq_duvessa, uniq_edmund, uniq_pikel
D:5:      layout_basic, minmay_temple_entry_fiery
D:6:      layout_basic, kennysheep_generic_room_7
D:7:      layout_loops_ring
D:8:      layout_basic, lemuel_tele_altar, kennysheep_flooded_box
D:9:      layout_loops_ring, erik_lair_island, ebering_ghost_disaster_area,
          lightli_minifort
D:10:     layout_loops_corners
D:11:     layout_grid_maze, minmay_variable_closet,
          chequers_serial_rivers_large_a
D:12:     giant_chief_lemuel, layout_irregular_city, uniq_urug
D:13:     layout_rooms, grunt_vaults_entry_tiered, trove_entry_hex_spiral,
          nrook_guardian_serpent_double
D:14:     layout_basic, serial_shops, nicolae_shop_window_shopping, minmay_bent
D:15:     grunt_enter_depths_magical_seal, layout_long_grid,
          eino_house_with_fridge, uniq_azrael
Lair:1:   layout_regular_city, nzn_ghost_randoct
Lair:2:   layout_cave_shapes, pond, serial_bayou_shore_b
Lair:3:   cheibrodos_lair_overgrown_chateau, layout_regular_city,
          minmay_snake_entry_guardpost_medium
Lair:4:   layout_loops_ring, minmay_shoals_entry_hut, special_room
          [special_room_mythical_zoo], uniq_sonja
Lair:5:   hangedman_what_comes_after_a, layout_long_grid, enter_volcano_3,
          infiniplex_staircase_pool, lemuel_fruit_tree
Lair:6:   wormcave, layout_layer_cave, hangedman_lair_caniforms_friends,
          minmay_slime_entry_oklob_enclosed, st_stairs_5
Shoals:1: layout_shoals, uniq_josephine
Shoals:2: layout_shoals, nicolae_shoals_mertower, uniq_ilsuiw, uniq_jorgrun
Snake:1:  layout_misc_corridors, minmay_shoptagon, grunt_megastairs_2,
          serial_bayou_shore_a
Snake:2:  layout_cave_pods
Snake:3:  layout_onion_interference, grunt_megastairs_5, minmay_shop_grove,
          uniq_asterion, uniq_agnes
Snake:4:  minmay_snake_end_coiled, layout_cave_town
Orc:1:    layout_diamond_mine, uniq_erolcha
Orc:2:    grunt_orc_cross, layout_caves, serial_shops, shop

Skill      XL: |  1  2  3  4  5  6  7  8  9 10 11 12 13 14 15 16 17 18 |
---------------+-------------------------------------------------------+-----
Polearms       | 3 4 5 6 7 8 10 11 13 14 16 18 19 20 | 20.2
Armour         | 2 4 5 6 8 9 10 11 14 15 16 | 16.7
Dodging        | 2 3 4 5 6 7 8 |  8.0
Stealth        | 2 3 |  3.5
Fighting       | 4 5 6 7 8 10 11 12 13 14 | 14.0
Throwing       | 1 |  1.1
Shields        | 4 |  4.0
Evocations     | |  0.7

Action                   |  1- 3 |  4- 6 |  7- 9 | 10-12 | 13-15 | 16-18 || total
-------------------------+-------+-------+-------+-------+-------+-------++-------
Melee: Spear             |   221 |   114 |   518 |   365 |   164 |       ||  1382
       Kick              |       |    18 |   148 |   133 |   295 |   176 ||   770
       Scythe            |       |       |    14 |       |       |       ||    14
       Glaive            |       |       |       |   147 |   121 |       ||   268
       Demon trident     |       |       |       |       |   801 |   894 ||  1695
Throw: Dart              |       |       |       |     6 |       |       ||     6
Invok: Berserk           |       |     5 |     9 |    28 |    27 |     3 ||    72
       Trog's Hand       |       |     1 |       |     2 |     1 |     8 ||    12
       Brothers in Arms  |       |       |       |       |     1 |     4 ||     5
Evoke: Wand              |       |       |       |       |     1 |       ||     1
       Condenser vane    |       |       |       |       |       |     1 ||     1
  Use: Scroll            |       |     2 |     9 |     7 |    12 |     4 ||    34
       Potion            |       |       |     3 |     3 |     2 |     7 ||    15
 Stab: Sleeping          |     7 |     3 |     1 |       |    10 |       ||    21
       Distracted        |       |       |     1 |       |       |     2 ||     3
Armor: Animal skin       |    25 |     1 |       |       |       |       ||    26
       Ring mail         |       |    12 |    14 |       |       |       ||    26
       Scale mail        |       |       |   126 |   142 |   215 |    69 ||   552
       Chain mail        |       |       |       |       |       |   213 ||   213
Dodge: Dodged            |   137 |    52 |   194 |   178 |   335 |   278 ||  1174
Block: Buckler           |       |       |       |       |   107 |   192 ||   299
